 Dungeon Crawl Stone Soup version 0.22-a0-422-g9628fc87f1 (webtiles) character file.

111 Kriby the Chopper (level 4, -6/41 HPs)
             Began as a Hill Orc Monk on May 17, 2018.
             Mangled by Azzok's ghost (10 damage)
             ... on level 3 of the Dungeon.
             The game lasted 00:01:53 (2765 turns).

Kriby the Chopper (Hill Orc Monk)                   Turns: 2765, Time: 00:01:54

Health: -6/41      AC: 11    Str: 14    XL:     4   Next: 92%
Magic:  4/4        EV:  4    Int: 10    God:
Gold:   188        SH:  0    Dex: 13    Spells: 3/3 levels left

rFire    . . .     SeeInvis .   a - +0 hand axe
rCold    . . .     Gourm    .   (no shield)
rNeg     . . .     Faith    .   n - +0 plate armour
rPois    .         Spirit   .   (no helmet)
rElec    .         Reflect  .   (no cloak)
rCorr    .         Harm     .   (no gloves)
MR       .....     Rnd*Tele +   (no boots)
Stlth    ..........             (no amulet)
HPRegen  0.13/turn              g - ring of teleportation (curse)
MPRegen  0.09/turn              (no ring)

@: no status effects
A: no striking features
a: no special abilities


You were on level 3 of the Dungeon.
You were hungry.

You visited 1 branch of the dungeon, and saw 3 of its levels.

You collected 188 gold pieces.

Inventory:

Hand Weapons
 a - a +0 hand axe (weapon)
Armour
 b - a +0 robe
 d - a +0 ring mail
 e - a +0 scale mail
 n - a +0 plate armour (worn)
Jewellery
 g - a cursed ring of teleportation (left hand)
Scrolls
 h - a scroll of noise {unknown}
 i - a scroll of magic mapping {unknown}
 j - a scroll of teleportation {unknown}
 l - a scroll of identify {unknown}
Comestibles
 c - 8 rations


   Skills:
 + Level 4.5 Fighting
 + Level 5.0 Axes
 + Level 2.2 Armour
 + Level 3.0 Dodging
 - Level 1.5 Stealth


You had 3 spell levels left.
You didn't know any spells.
Your spell library was empty.

Dungeon Overview and Level Annotations

Branches:
Dungeon (3/15)

Altars:
Ashenzari

Annotations:
D:3 Azzok's ghost, amateur MiFi


Message History

You hit Azzok's ghost but do no damage.
Azzok's ghost is moderately damaged.
Azzok's ghost hits you.
* * * LOW HITPOINT WARNING * * *
You slash Azzok's ghost!
Azzok's ghost is moderately damaged.
Azzok's ghost hits you.
* * * LOW HITPOINT WARNING * * *
You hit Azzok's ghost.
Azzok's ghost is heavily damaged.
Azzok's ghost hits you but does no damage.
You hit Azzok's ghost but do no damage.
Azzok's ghost is heavily damaged.
Azzok's ghost hits you.
* * * LOW HITPOINT WARNING * * *
Your plate armour prevents you from hitting Azzok's ghost.
Azzok's ghost is heavily damaged.
Azzok's ghost boasts, "I have defeated monsters you have never seen."
Azzok's ghost hits you!
You die...

..... ....# ....#
....# #.#.# #...####
#W.....# ##@.....#
#.......##
#†)......#
#........# .# .$
......#.###.... .#..
#####.#...###.#####.
#.#.....###...#
#.#.......#._.#
#.....###...


You could see Azzok's ghost.

Vanquished Creatures
  An orc wizard (D:2)
  2 gnolls (D:1)
  An adder (D:2)
  3 dart slugs
  3 leopard geckos
  3 orcs (D:2)
  3 bats
  2 giant cockroaches
  5 goblins
  3 hobgoblins
  2 jackals (D:2)
  7 kobolds
  A ball python (D:2)
  3 frilled lizards (D:1)
  7 rats
46 creatures vanquished.

Notes
Turn   | Place    | Note
-------+----------+-------------------------------------------
     0 | D:1      | Kriby the Hill Orc Monk began the quest for the Orb.
     0 | D:1      | Reached XP level 1. HP: 19/19 MP: 1/1
   352 | D:1      | Reached XP level 2. HP: 27/27 MP: 2/2
   426 | D:1      | Reached skill level 1 in Armour
   708 | D:1      | Reached XP level 3. HP: 22/33 MP: 3/3
  1741 | D:2      | Reached XP level 4. HP: 23/41 MP: 4/4
  2349 | D:2      | Reached skill level 5 in Axes
  2700 | D:3      | Found a shattered altar of Ashenzari.
  2741 | D:3      | Noticed Azzok's ghost (amateur MiFi)
  2765 | D:3      | Mangled by Azzok's ghost

Vault maps used:
D:1:      minmay_arrival_jagged, serial_bayou_ford_a, minmay_pentomino_z2
D:3:      fedhas_altar_1, nicolae_ashenzari_panopticon

Skill      XL: |  1  2  3  4 |
---------------+-------------+-----
Fighting       | 4 |  4.5
Armour         | 1 2 |  2.2
Dodging        | 3 |  3.0
Axes           | 5 |  5.0
Stealth        | |  1.5

Action                   |  1- 3 |  4- 6 || total
-------------------------+-------+-------++-------
Melee: Hand axe          |   111 |    70 ||   181
  Use: Potion            |       |     3 ||     3
  Eat: Chunk             |     2 |     3 ||     5
Armor: Ring mail         |     3 |       ||     3
       Scale mail        |    25 |     7 ||    32
       Plate armour      |       |    35 ||    35
Dodge: Dodged            |    64 |    22 ||    86

Table legend:
 A = Spawn XP
 B = Non-spawn XP
 C = Spawn XP percentage of total XP
 D = Spawn monster count
 E = Non-spawn monster count
 F = Spawn count percentage of total count
 G = Total turns spent on level
                    A         B        C        D         E        F      G
               +---------+---------+-------+---------+---------+-------+---------
         Total |       0 |     159 |   0.0 |       0 |      46 |   0.0 |  2765
               +---------+---------+-------+---------+---------+-------+---------
           D:1 |       0 |      66 |   0.0 |       0 |      23 |   0.0 |  1670
           D:2 |       0 |      87 |   0.0 |       0 |      19 |   0.0 |   951
           D:3 |       0 |       6 |   0.0 |       0 |       4 |   0.0 |   144
               +---------+---------+-------+---------+---------+-------+---------
